 Dungeon Crawl Stone Soup version 0.26-a0-1181-gd376ed14c5 (webtiles) character file.

Game seed: 8535385370425347082

297 runemasterragnar the Skirmisher (level 6, 0/67 HPs)
             Began as an Ogre Delver on Dec 26, 2020.
             Was an Initiate of Okawaru.
             Slain by a water moccasin skeleton (4 damage)
             ... on level 5 of the Dungeon.
             The game lasted 00:05:21 (4032 turns).

runemasterragnar the Skirmisher (Ogre Delver)       Turns: 4032, Time: 00:05:21

Health: 0/67       AC:  3    Str: 16 (17) XL:     6   Next: 35%
Magic:  6/6        EV: 10    Int: 12 (13) God:    Okawaru [......]
Gold:   167        SH:  0    Dex:  8 (10) Spells: 5/5 levels left

rFire    . . .     SeeInvis .   k - +4 whip
rCold    . . .     Faith    .   (no shield)
rNeg     . . .     Spirit   .   b - +0 robe
rPois    .         Reflect  .   (helmet restricted)
rElec    .         Harm     .   (no cloak)
rCorr    .         Rampage  .   (gloves unavailable)
Will     .....                  (boots unavailable)
Stlth    ++........             (no amulet)
HPRegen  0.21/turn              (no ring)
MPRegen  0.10/turn              (no ring)

@: no status effects
A: large, unfitting armour, tough skin 1
a: Renounce Religion


You were on level 5 of the Dungeon.
You worshipped Okawaru.
Okawaru was noncommittal.
You visited 1 branch of the dungeon, and saw 6 of its levels.

You collected 167 gold pieces.

Inventory:

Hand Weapons
 a - a +0 mace
 k - a +4 whip (weapon)
 t - a +1 trident of venom
Missiles
 q - 16 poisoned darts (quivered)
Armour
 b - a +0 robe (worn)
Wands
 g - a wand of digging (3)
Scrolls
 c - 2 scrolls of fog
 d - 2 scrolls of magic mapping
 e - a scroll of fear
 h - 6 scrolls of remove curse {unknown}
 i - a scroll of blinking {unknown}
 j - a scroll of noise {unknown}
 p - a scroll of teleportation {unknown}
 r - 2 scrolls of random uselessness {unknown}
 s - a scroll of identify {unknown}
 u - a scroll of amnesia {unknown}
Potions
 f - a potion of haste
 l - a potion of resistance {unknown}
 m - 5 potions of curing
 o - a potion of invisibility


   Skills:
 + Level 5.7 Fighting
 + Level 3.2 Maces & Flails
 + Level 1.8 Throwing
 + Level 3.3 Dodging
 - Level 4.1 Stealth


You had 5 spell levels left.
You didn't know any spells.
Your spell library contained the following spells:

 Spells                   Type           Power        Failure   Level
 Magic Dart               Conj           0%           32%         1
 Searing Ray              Conj           0%           45%         2
 Dazzling Flash           Conj/Hex       0%           69%         3
 Fulminant Prism          Conj/Hex       0%           97%         4
 Iskenderun's Mystic Bla  Conj/Tloc      0%           97%         4


Dungeon Overview and Level Annotations

Branches:
Dungeon (6/15)
 Temple: D:4-7

Altars:
Ashenzari
Fedhas
Okawaru
Sif Muna
Yredelemnul

Annotations:
D:3 Purgy
D:4 Dowan, Duvessa, Natasha


Innate Abilities, Weirdness & Mutations

You are too large for most types of armour.
You have tough skin. (AC +1)


Message History

The water moccasin skeleton bites you.
* * * LOW HITPOINT WARNING * * *
You barely miss the water moccasin skeleton.
The water moccasin skeleton is moderately damaged.
The water moccasin skeleton closely misses you.
You hit the water moccasin skeleton.
The water moccasin skeleton is heavily damaged.
The water moccasin skeleton closely misses you.
You whack the water moccasin skeleton!
The water moccasin skeleton is severely damaged.
The water moccasin skeleton bites you.
* * * LOW HITPOINT WARNING * * *
You barely miss the water moccasin skeleton.
The water moccasin skeleton is severely damaged.
The water moccasin skeleton bites you!
* * * LOW HITPOINT WARNING * * *
You barely miss the water moccasin skeleton.
The water moccasin skeleton is severely damaged.
The water moccasin skeleton bites you.
You die...

####### ########
##.....######.......
#...................
#......#...##.......
#..@Z..#............
#......#............
#...?...............
#.#+#......#........ #..
#.#.#......#........
#...#...'......#...$....
#...#.#.#......#........
#
#.......#......#........
#.#...#.#....# #........


You could see a water moccasin skeleton.

Vanquished Creatures
  Blork the orc (D:4)
  2 centaur skeletons (D:5)
  3 worker ants
  4 adders
  2 white imps (D:5)
  An ooze (D:1)
  A leopard gecko (D:1)
  2 orcs (D:5)
  A ball python (D:1)
  3 giant cockroaches
  4 goblins
  8 hobgoblins
  6 jackals (D:2)
  3 kobolds
  4 quokkas
  4 bats
  5 frilled lizards
  6 rats
60 creatures vanquished.

Notes
Turn   | Place    | Note
-------+----------+-------------------------------------------
     0 | D:5      | runemasterragnar the Ogre Delver began the quest for the
                  | Orb.
     0 | D:5      | Reached XP level 1. HP: 24/24 MP: 1/1
   154 | D:6      | Found a basalt altar of Yredelemnul.
   194 | D:4      | Found a blossoming altar of Fedhas.
   204 | D:4      | Noticed Natasha
   255 | D:3      | Noticed Purgy
   645 | D:1      | Reached XP level 2. HP: 31/32 MP: 2/2
  1123 | D:1      | Reached XP level 3. HP: 40/40 MP: 3/3
  1418 | D:2      | Reached XP level 4. HP: 29/49 MP: 4/4
  1793 | D:2      | Found an iron altar of Okawaru.
  1838 | D:2      | Became a worshipper of Warmaster Okawaru
  2442 | D:4      | Found a broken altar of Ashenzari.
  2504 | D:4      | Reached skill level 5 in Fighting
  2691 | D:4      | Noticed Blork the orc
  2714 | D:4      | Killed Blork the orc
  2715 | D:4      | Reached skill level 1 in Throwing
  2715 | D:4      | Reached XP level 5. HP: 27/57 MP: 5/5
  2977 | D:4      | Found a shimmering blue altar of Sif Muna.
  2993 | D:4      | Noticed Duvessa
  2994 | D:4      | Noticed Dowan
  3133 | D:5      | Noticed a sky beast
  3157 | D:5      | Reached XP level 6. HP: 20/66 MP: 6/6
  4032 | D:5      | Slain by a water moccasin skeleton

Illustrated notes

Levels and vault maps discovered:
D:1:      scummos_arrival_star, layout_basic
D:2:      layout_rooms, okawaru_gym_becter
D:3:      layout_rooms, nicolae_overflow_hidden_temple, uniq_purgy,
          uniq_sigmund, uniq_terence
D:4:      layout_gridville, overflow_temple_1_default, kennysheep_mini,
          nicolae_overflow_crystal_walls, gup_ossuary_entry_pyramid,
          uniq_natasha, uniq_duvessa, uniq_blork_the_orc
D:5:      layout_basic
D:6:      layout_rooms, minmay_temple_entry_sparse_star, basic_altar,
          hangedman_decor_lopped, led_sif_book

Skill      XL: |  1  2  3  4  5 |
---------------+----------------+-----
Dodging        | 2 3 |  3.3
Maces & Flails | 2 3 |  3.2
Stealth        | 4 |  4.1
Fighting       | 5 |  5.7
Throwing       | 1 |  1.8

Action                   |  1- 3 |  4- 6 || total
-------------------------+-------+-------++-------
Melee: Mace              |    28 |       ||    28
       Whip              |    52 |   126 ||   178
Throw: Dart              |       |    11 ||    11
  Use: Potion            |       |     4 ||     4
       Scroll            |       |     2 ||     2
 Stab: Sleeping          |     7 |     4 ||    11
Armor: Robe              |    27 |    19 ||    46
Dodge: Dodged            |    54 |    85 ||   139

Table legend: (Time is in decaauts)
 A = Elapsed time spent in this place.
 B = Non-inter-level travel time spent in this place.
 C = Inter-level travel time spent in this place.
 D = Time resting spent in this place.
 E = Time spent auto-exploring this place.
 F = Levels seen in this place.
 G = Mean time per level.
                   A        B        C        D        E       F      G
               +--------+--------+--------+--------+--------+-----+--------+
         Total |   4039 |   3917 |    122 |   1052 |   2180 |   6 |  673.2 |
       Dungeon |   4039 |   3917 |    122 |   1052 |   2180 |   6 |  673.2 |
               +--------+--------+--------+--------+--------+-----+--------+

Top non-repeatable levels by time:
     D:2: 1405 daAuts
     D:4: 1054 daAuts
     D:5: 775 daAuts
     D:1: 737 daAuts
     D:3: 47 daAuts
     D:6: 18 daAuts
